Map: Frozen Temple

Players

Zerghamdi

  • Race: Zerg Zerg
  • League: Master

Stephano - Winner!

  • Race: Zerg Zerg
  • League: Master

VOD

https://www.youtube.com/channel/UCcSgNfDNxvyisU-eCj9xyNg/playlists

Description

Time

  • Played on: Aug. 27, 2016, 6:42 a.m.
  • Length: 8:13
Show
View Real Time Build Order
Export as new Build Order

Zerghamdi Zerg 

Build Orders: Pool First 

Get SALT Encoding   

  12  0:01  Drone  
  13  0:12  Overlord  
  13  0:17  Drone  
  14  0:31  Drone  
  14  0:32  Drone  
  16  0:36  Drone  
  17  0:45  Spawning Pool  
  17  0:49  Drone  
  17  1:10  Extractor  
  16  1:22  Drone x3  
  19  1:37  Hatchery, Zergling x2  
  19  1:38  Queen  
  21  1:44  Zergling x2  
  22  1:54  Overlord  
  22  2:12  Drone  
  23  2:16  Queen  
  23  2:20  Metabolic Boost, Drone  
  26  2:28  Drone  
  27  2:37  Drone  
  27  2:47  Drone x2  
  27  2:48  Drone  
  27  2:50  Drone x2  
  31  2:58  Roach Warren  
  30  3:00  Zergling x2  
  30  3:02  Overlord  
  31  3:10  Overlord  
  31  3:13  Zergling x2  
  31  3:19  Overlord  
  32  3:21  Zergling x4  
  34  3:30  Zergling x4  
  34  3:34  Overlord  
  36  3:44  Roach x3  
  36  3:45  Roach x2  
  46  3:52  Roach x2  
  46  3:54  Roach  
  52  3:58  Roach x2  
  54  4:08  Overlord  
  54  4:09  Roach x2  
  58  4:12  Overlord  
  58  4:29  Roach  
  58  4:30  Roach  
  61  4:34  Zergling x4  
  61  4:35  Zergling x6  
  61  4:37  Zergling x4  
  65  4:39  Zergling x2  
  65  4:44  Zergling x4  
  68  4:57  Ravager  
  68  4:58  Zergling x8  
  73  5:10  Roach  
  73  5:13  Overlord  
  74  5:24  Zergling x10  
  74  5:28  Zergling x2  
  71  5:32  Zergling x2  
  71  5:34  Zergling x4  
  63  5:35  Zergling x2  
  63  5:39  Zergling x2  
  63  5:42  Hatchery  
  42  5:57  Drone x4  
  42  6:02  Roach  
  42  6:04  Roach  
  49  6:13  Roach  
  49  6:14  Roach x4  
  55  6:21  Drone x2  
  55  6:22  Drone  
  53  6:27  Drone  
  51  6:35  Drone x2  
  51  6:37  Extractor  
  52  6:43  Roach  
  52  6:46  Roach  
  58  6:54  Roach  
  58  6:57  Roach  
  58  6:59  Roach  
  62  7:03  Roach  
  62  7:04  Zergling x4  
  62  7:05  Zergling x6  
  62  7:06  Zergling x2  
  70  7:11  Zergling x2  
  71  7:17  Zergling x2  
  71  7:21  Zergling x2  
  73  7:28  Zergling x6  
  67  7:35  Roach x4  
  71  7:42  Roach x2  
  70  7:48  Roach  
  64  7:52  Roach  
Show
View Real Time Build Order
Export as new Build Order

Stephano Zerg - Winner!

Build Orders: Hatch First 

Get SALT Encoding   

  12  0:01  Drone  
  13  0:13  Overlord  
  13  0:18  Drone  
  14  0:32  Drone  
  14  0:33  Drone  
  16  0:36  Drone  
  17  0:55  Hatchery  
  16  0:57  Drone  
  16  1:01  Drone  
  18  1:09  Drone  
  19  1:18  Spawning Pool  
  18  1:22  Drone  
  19  1:34  Drone  
  19  1:38  Extractor  
  19  1:41  Drone  
  20  1:51  Drone  
  21  2:03  Drone  
  21  2:07  Queen  
  24  2:09  Drone  
  24  2:10  Queen  
  24  2:12  Zergling x2  
  28  2:23  Overlord  
  27  2:39  Drone  
  27  2:41  Drone  
  27  2:43  Queen  
  30  2:45  Queen  
  30  2:46  Extractor  
  30  2:47  Drone  
  34  2:51  Drone x3  
  34  2:52  Metabolic Boost  
  36  3:00  Overlord  
  36  3:19  Roach Warren, Drone x2  
  37  3:20  Drone x2  
  37  3:23  Drone x2  
  37  3:25  Drone  
  37  3:26  Drone  
  42  3:35  Extractor  
  42  3:38  Evolution Chamber  
  42  3:40  Zergling x6  
  43  3:41  Drone  
  43  3:48  Overlord  
  44  4:06  Zerg Missile Weapons Level 1  
  44  4:08  Drone x2  
  44  4:09  Roach x3  
  52  4:12  Overlord  
  52  4:33  Drone x2  
  52  4:36  Drone  
  52  4:37  Drone  
  55  4:39  Roach  
  55  4:40  Roach  
  55  4:41  Overlord  
  55  4:43  Overlord  
  59  4:45  Hatchery  
  58  4:58  Roach Warren  
  58  5:00  Roach x5  
  58  5:02  Ravager  
  58  5:03  Roach x2  
  70  5:08  Roach  
  70  5:10  Zergling x2  
  73  5:15  Queen, Zergling x2  
  70  5:30  Zergling x2  
  70  5:31  Zergling x14  
  62  5:44  Zergling x4  
  58  5:50  Drone x2  
  58  5:51  Drone x2  
  60  6:01  Drone x2  
  60  6:05  Drone  
  60  6:09  Drone x2  
  63  6:23  Roach x5  
  63  6:24  Roach x2  
  76  6:30  Roach  
  76  6:31  Roach  
  80  6:38  Ravager  
  80  6:39  Overlord  
  81  6:40  Overlord  
  80  6:54  Overlord  
  80  7:00  Roach  
  80  7:01  Roach x7  
  94  7:03  Overlord  
  96  7:11  Roach  
  98  7:16  Roach x4  
  105  7:27  Roach x3  
  106  7:31  Roach  
  106  7:36  Zergling x8  
  111  7:44  Roach  
  112  7:50  Roach x2  
Tags
 
Add a new tag
Caveats
  • Supply blocks, unpowered buildings, or Contaminate may cause inaccurate times.
  • Supply counts are checked every 10 seconds.